 Dungeon Crawl Stone Soup version 0.22-a0-135-g6f012ad (webtiles) character file.

1897 KristoblXynda the Charlatan (level 8, -1/63 HPs)
             Began as a Pale Draconian Artificer on Jan 31, 2018.
             Was a Follower of Yredelemnul.
             Killed from afar by Azzok's ghost (22 damage)
             ... with a blast of rock fragments
             ... on level 6 of the Dungeon.
             The game lasted 00:13:09 (6512 turns).

KristoblXynda the Charlatan (DrAr)                  Turns: 6512, Time: 00:13:10

Health: -1/63      AC:  7    Str: 15    XL:     8   Next: 93%
Magic:  13/13      EV: 14    Int: 13    God:    Yredelemnul [*.....]
Gold:   269        SH:  0    Dex: 12    Spells: 7/7 levels left

rFire    + + .     SeeInvis .   y - +2 dagger (flame)
rCold    + . .     Gourm    .   (no shield)
rNeg     . . .     Faith    .   (armour unavailable)
rPois    .         Spirit   .   (helmet restricted)
rElec    .         Reflect  .   s - scarf {rC+ rF+}
rCorr    .         Harm     .   (no gloves)
MR       .....                  h - +0 pair of boots
Stlth    +.........             (no amulet)
HPRegen  0.20/turn              e - ring of wizardry
MPRegen  0.13/turn              n - ring of protection from fire

@: lethally poisoned (-1 -> -15), short of breath
A: breathe steam, unfitting armour, cold-blooded, AC +6
a: Breathe Steam, Animate Remains, Renounce Religion


You were on level 6 of the Dungeon.
You worshipped Yredelemnul.
Yredelemnul was aware of your devotion.
You were not hungry.

You visited 2 branches of the dungeon, and saw 7 of its levels.
You also visited: Sewer.

You collected 269 gold pieces.

Inventory:

Hand Weapons
 a - a +2 dagger of speed
 j - a +2 dagger of venom
 u - a +0 blowgun
 y - a +2 dagger of flaming (weapon)
Missiles
 v - 11 poisoned needles
Armour
 h - a +0 pair of boots (worn)
 s - a scarf of resistance (worn)
Magical Staves
 p - an uncursed staff of fire
Jewellery
 e - a ring of wizardry (left hand)
 n - a ring of protection from fire (right hand)
Wands
 b - a wand of flame (13)
 c - a wand of enslavement (15)
 d - a wand of random effects (9)
 A - a wand of clouds (6)
Scrolls
 g - a scroll of blinking
 l - a scroll of noise {unknown}
 m - 2 scrolls of fear
 q - 3 scrolls of remove curse
 x - a scroll of enchant armour {unknown}
Potions
 i - 2 potions of brilliance {unknown}
 k - 3 potions of degeneration {unknown}
 o - 3 potions of flight
 r - 3 potions of magic
 t - 2 potions of heal wounds {unknown}
 w - a potion of curing
 z - a potion of mutation {unknown}
Comestibles
 f - 7 rations


   Skills:
 + Level 3.5 Fighting
 + Level 6.1 Short Blades
 + Level 2.2 Throwing
 - Level 5.2 Dodging
 - Level 0.8 Stealth
 + Level 3.2 Invocations
 + Level 7.5 Evocations


You had 7 spell levels left.
You didn't know any spells.

Dungeon Overview and Level Annotations

Branches:
Dungeon (6/15)             Temple (1/1) D:4

Altars:
Ashenzari
Cheibriados
Dithmenos
Elyvilon
Fedhas
Gozag
Hepliaklqana
Kikubaaqudgha
Makhleb
Nemelex Xobeh
Okawaru
Qazlal
Ru
Sif Muna
Trog
Vehumet
Wu Jian
Xom
Yredelemnul
Zin
The Shining One

Annotations:
D:6 Azzok's ghost, novice GrEE


Innate Abilities, Weirdness & Mutations

You can breathe blasts of scalding, opaque steam.
Your pale cyan-grey scales are hard. (AC +6)
You cannot fit into any form of body armour.
You are cold-blooded and may be slowed by cold attacks.


Message History

You are more poisoned.
You hit Azzok's ghost.
Azzok's ghost is heavily damaged.
You feel sick.
Azzok's ghost gestures at you while chanting.
The stone arrow misses you.
You feel sick.
Azzok's ghost points at you and mumbles some strange words.
The blast of sand misses you.
You feel sick.
The earth trembles for a moment.
Evoke which item? (* to show all) (? for menu, Esc to quit)
Aiming: Random Effects
Press: ? - help, Shift-Dir - straight line, f/p - Azzok's ghost
Aim: Azzok's ghost, wielding a weapon of venom (moderately damaged) Azzok's ghost looks slightly unstable.
You feel sick. Azzok's ghost casts a spell past you.
The wall shatters!
The blast of rock fragments hits you!
You die...
Your body rises from the dead as a mindless zombie.

..# #..#......W#'########
..#####.##..... #...+
.....##.#....#####...#
.....#..#....#...'..########
.....'..#....#..##'##......#
.....#..'....#..#..........+
.....##+#....####W.........#
###......####..............#
#......# #...@..........#
#......# #....####......#
#......# #....# #......#
######## ###### #......#
########


You could see Azzok's ghost.

Vanquished Creatures
  Pikel (D:5)
  Menkaure (D:5)
  A water moccasin (D:5)
  2 slaves (D:5)
  A necrophage (D:5)
  An ogre (D:4)
  4 big kobolds
  A bullfrog (D:6)
  A scorpion (D:5)
  A bullfrog zombie (D:6)
  A quasit (D:5)
  A centaur zombie (D:5)
  2 centaur skeletons (D:4)
  2 orc priests (D:4)
  2 iguanas
  3 orc wizards
  3 worker ants
  7 adders
  A river rat (Sewer)
  An ooze (D:3)
  An adder skeleton (D:4)
  7 worms
  3 dart slugs
  6 leopard geckos
  6 orcs
  A ball python (Sewer)
  11 giant cockroaches
  7 goblins
  11 hobgoblins
  3 jackals (D:6)
  28 kobolds
  3 quokkas
  7 bats
  3 frilled lizards
  A quokka skeleton (D:4)
  13 rats
148 creatures vanquished.

Vanquished Creatures (others)
  A slave (D:5)
  A jelly (D:5)
  A leopard gecko (D:5)
3 creatures vanquished.

Grand Total: 151 creatures vanquished

Notes
Turn   | Place    | Note
-------+----------+-------------------------------------------
     0 | D:1      | KristoblXynda the Draconian Artificer began the quest for the Orb.
     0 | D:1      | Reached XP level 1. HP: 16/16 MP: 3/3
     7 | D:1      | Noticed a black mamba
     7 | D:1      | Noticed a wyvern
     7 | D:1      | Noticed a swamp worm
     7 | D:1      | Noticed a black bear
   253 | D:1      | Reached XP level 2. HP: 9/23 MP: 4/4
   868 | D:1      | Reached XP level 3. HP: 16/28 MP: 5/5
  1179 | D:1      | You fall through a shaft!
  1689 | D:2      | Reached XP level 4. HP: 34/35 MP: 6/6
  2211 | D:3      | Found a faded altar of an unknown god.
  2346 | D:3      | Reached skill level 4 in Evocations
  2571 | D:4      | Noticed a big kobold
  2584 | D:4      | Killed a big kobold
  2584 | D:4      | Reached XP level 5. HP: 31/40 MP: 8/8
  3059 | D:4      | Reached XP level 6. HP: 37/47 MP: 9/9
  3612 | D:4      | Reached skill level 5 in Evocations
  3717 | D:4      | Found a staircase to the Ecumenical Temple.
  3744 | Temple   | Entered the Ecumenical Temple
  4051 | Temple   | Became a worshipper of Yredelemnul the Dark
  4357 | D:5      | Entered Level 5 of the Dungeon
  4370 | D:5      | Your scales start taking on a pale cyan-grey colour.
  4370 | D:5      | Reached XP level 7. HP: 15/52 MP: 11/11
  4439 | D:5      | Reached skill level 6 in Evocations
  4452 | D:5      | Found a glowing drain.
  4478 | Sewer    | Entered a sewer
  4858 | Sewer    | Reached * piety under Yredelemnul
  4858 | Sewer    | Reached skill level 5 in Short Blades
  5080 | D:5      | Reached skill level 5 in Dodging
  5193 | D:5      | Reached XP level 8. HP: 58/59 MP: 13/13
  5227 | D:5      | Reached skill level 1 in Invocations
  5783 | D:5      | Noticed Pikel
  5784 | D:5      | Noticed Menkaure
  5809 | D:5      | Killed Pikel
  5809 | D:5      | Reached skill level 1 in Throwing
  5809 | D:5      | Reached skill level 7 in Evocations
  5817 | D:5      | Killed Menkaure
  6490 | D:6      | Noticed Azzok's ghost (novice GrEE)
  6512 | D:6      | Killed from afar by Azzok's ghost

Vault maps used:
D:1:      onia_arrival_zoo_common, grunt_decor_one_mirror
D:2:      serial_forest, infiniplex_forest_clump_C, infiniplex_forest_end_1,
          infiniplex_forest_end_2, infiniplex_forest_clump_diagonal,
          infiniplex_forest_clump_small, infiniplex_forest_split,
          infiniplex_forest_lined_2, infiniplex_forest_lined_room_3,
          infiniplex_forest_straight_2
D:3:      chequers_ecumenical_altar_island
D:4:      kennysheep_kobold_camp, minmay_temple_entry_trees, first_ration
D:5:      portal_sewer_entry_f, uniq_menkaure, uniq_pikel
Temple:   regret_index_temple_sigil_plot
Sewer:    sewer_co_15_rooms

Skill      XL: |  1  2  3  4  5  6  7  8 |
---------------+-------------------------+-----
Dodging        | 2 3 4 5 |  5.2
Short Blades   | 2 3 4 5 6 |  6.1
Evocations     | 4 5 6 7 |  7.5
Invocations    | 3 |  3.2
Fighting       | 3 |  3.5
Throwing       | 2 |  2.2
Stealth        | |  0.8

Action                   |  1- 3 |  4- 6 |  7- 9 || total
-------------------------+-------+-------+-------++-------
Melee: Short sword       |    64 |       |       ||    64
       Tailslap          |    13 |    40 |    20 ||    73
       Dagger            |    69 |   248 |   184 ||   501
 Abil: Breathe Steam     |       |       |     9 ||     9
Evoke: Wand              |       |       |     8 ||     8
  Use: Potion            |     1 |     1 |     3 ||     5
       Scroll            |       |       |     9 ||     9
 Stab: Sleeping          |       |     1 |     1 ||     2
  Eat: Chunk             |     2 |     7 |     1 ||    10
       Ration            |       |     1 |     2 ||     3
Armor: Skin              |    32 |    62 |    53 ||   147
Dodge: Dodged            |    74 |   144 |   125 ||   343

Table legend:
 A = Spawn XP
 B = Non-spawn XP
 C = Spawn XP percentage of total XP
 D = Spawn monster count
 E = Non-spawn monster count
 F = Spawn count percentage of total count
 G = Total turns spent on level
                    A         B        C        D         E        F      G
               +---------+---------+-------+---------+---------+-------+---------
         Total |       0 |    2711 |   0.0 |       0 |     147 |   0.0 |  6512
               +---------+---------+-------+---------+---------+-------+---------
           D:1 |       0 |      45 |   0.0 |       0 |      25 |   0.0 |  1179
           D:2 |       0 |      59 |   0.0 |       0 |      23 |   0.0 |   787
           D:3 |       0 |      52 |   0.0 |       0 |      17 |   0.0 |   533
           D:4 |       0 |     568 |   0.0 |       0 |      40 |   0.0 |  1541
           D:5 |       0 |    1445 |   0.0 |       0 |      20 |   0.0 |  1302
           D:6 |       0 |     175 |   0.0 |       0 |       6 |   0.0 |   309
         Sewer |       0 |     367 |   0.0 |       0 |      16 |   0.0 |   544
               +---------+---------+-------+---------+---------+-------+---------
